 Dungeon Crawl Stone Soup version 0.32-a0-685-g93135e86f0 (webtiles) character file.

Game seed: 11052829645292667670

79 Shayle the Apothecary (level 4, 0/30 HPs)
             Began as a Coglin Alchemist on Mar 12, 2024.
             Slain by a gnoll
             ... wielding a +0 flail
              (11 damage)
             ... on level 2 of the Dungeon.
             The game lasted 00:08:41 (1668 turns).

Shayle the Apothecary (Coglin Alchemist)            Turns: 1668, Time: 00:08:42

Health: 0/30       AC:  2    Str:  9    XL:     4   Next: 37%
Magic:  3/6        EV: 12    Int: 16    God:
Gold:   54         SH:  0    Dex: 14    Spells: 2/6 levels left

rFire   . . .        e - +0 dagger {Kagemori}
rCold   . . .        h - +0 dagger {Beorhtric}
rNeg    . . .        a - +0 robe
rPois   .            (no helmet)
rElec   .            (no cloak)
rCorr   .            (no gloves)
SInv    .            (no boots)
Will    .....        (amulet unavailable)
Stlth   ++           (ring unavailable)
HPRegen 0.25/turn    (ring unavailable)
MPRegen 0.10/turn    (no gizmo)

%: no passive effects
@: very slightly contaminated
A: off-hand wielding, slow wielding, warmup strikes, no jewellery
a: Invent Gizmo


You were on level 2 of the Dungeon.
You visited 1 branch of the dungeon, and saw 2 of its levels.

You collected 54 gold pieces.

Inventory:

Hand Weapons
 e - a +0 dagger (weapon) {Kagemori}
 h - a +0 dagger (offhand) {Beorhtric}
Armour
 a - a +0 robe (worn)
 n - a +2 helmet
Scrolls
 d - 2 scrolls of identify {unknown}
 f - a scroll of blinking {unknown}
 j - a scroll of teleportation {unknown}
 k - a scroll of noise {unknown}
 l - 2 scrolls of enchant armour {unknown}
Potions
 b - a potion of magic
 c - a potion of haste {unknown}
 g - a potion of ambrosia
 i - a potion of degeneration {unknown}
 m - a potion of curing {unknown}


   Skills:
 + Level 2.7 Dodging
 - Level 1.5 Stealth
 - Level 1.7 Spellcasting
 + Level 2.2 Conjurations
 + Level 4.1 Alchemy


You had 2 spell levels left.
You knew the following spells:

 Your Spells              Type           Power      Damage    Failure   Level
a - Sting                 Conj/Alch      44%        1d5       6%          1
b - Mephitic Cloud        Conj/Alch/Air  8%         N/A       26%         3

Your spell library contained the following spells:

 Spells                   Type           Power      Damage    Failure   Level
 Mercury Vapours          Alch/Air       16%        N/A       14%         2
 Olgreb's Toxic Radiance  Alch           14%        N/A       36%         4
 Sticky Flame             Fire/Alch      8%         2d4       65%         4


Dungeon Overview and Level Annotations

Branches:
Dungeon (2/15)

Altars:


Innate Abilities, Weirdness & Mutations

You can wield a second weapon in your off-hand.
It takes a long time for you to wield or remove held weapons.
Your first few attacks do less damage.
You cannot equip rings or amulets.


Message History

The gnoll misses you.
You closely miss the gnoll with your +0 dagger.
You hit the gnoll but do no damage. The gnoll hits you with a +0 flail.
Casting: Sting (safe; 6% risk of failure)
Confirm with . or Enter, or press ? or * to list all spells.
Aiming: Sting (safe; 6% risk of failure)
Press: ? - help, Shift-Dir - straight line, f - gnoll
Aim: a gnoll, wielding a +0 flail (75% to hit)
The sting hits the gnoll but does no damage.
The gnoll is poisoned.
The gnoll hits you with a +0 flail!
* * * LOW HITPOINT WARNING * * *
Unknown command.
It was a potion of ambrosia.
You are confused.
You feel invigorated. The gnoll hits you with a +0 flail!
* * * LOW HITPOINT WARNING * * *
You bump into the rock wall.
The gnoll hits you with a +0 flail.
* * * LOW HITPOINT WARNING * * *
A gnoll comes into view. It is wielding a +0 flail.
The gnoll shouts!
You bump into the rock wall.
The gnoll barely misses you. The gnoll hits you with a +0 flail!
* * * LOW HITPOINT WARNING * * *
Okay, then.
You feel less invigorated.
You feel less confused.
Okay, then.
Okay, then.
Okay, then.
Okay, then.
Casting: Sting (safe; 6% risk of failure)
Confirm with . or Enter, or press ? or * to list all spells.
Aiming: Mephitic Cloud (quite dangerous; 26% risk of failure)
Press: ? - help, Shift-Dir - straight line, f/p - gnoll
Aim: a gnoll, wielding a +0 flail (moderately wounded, poisoned, chance to affect: 91%)
You miscast Mephitic Cloud.
You are very lightly contaminated with residual magic.
Nothing appears to happen.
The gnoll looks more healthy.
The gnoll hits you with a +0 flail!
You die...

................. ....
#.###..#.#.#.##.#.
####.# #..............
......
#...#.#.#############.
#.....................
#.#.#.#.#######.#.####
.##.#.#.#.#
......gg....
........gg#
##.##.#.####
##.#.#@#.####.##.#.####
#.#..........##.......
#.....#.#########.....
#.....#.# #.####
###.###.# #.# ## ###
###


You could see 2 gnolls.

Vanquished Creatures
  Robin (D:2)
  3 gnolls
  3 endoplasms
  2 giant cockroaches (D:1)
  9 goblins
  3 hobgoblins
  2 jackals (D:2)
  2 quokkas (D:1)
  2 ball pythons (D:1)
  2 kobolds (D:1)
  7 rats
36 creatures vanquished.

Notes
Turn   | Place    | Note
-------+----------+-------------------------------------------
     0 | D:1      | Shayle the Coglin Alchemist began the quest for the Orb.
     0 | D:1      | Reached XP level 1. HP: 13/13 MP: 3/3
    27 | D:1      | Reached skill level 1 in Conjurations
   345 | D:1      | Reached XP level 2. HP: 19/19 MP: 4/4
  1095 | D:2      | Noticed Robin
  1120 | D:2      | Reached XP level 3. HP: 20/24 MP: 5/5
  1206 | D:2      | Killed Robin
  1328 | D:2      | Reached skill level 4 in Alchemy
  1328 | D:2      | Reached XP level 4. HP: 4/30 MP: 2/6
  1433 | D:1      | Learned a level 3 spell: Mephitic Cloud
  1668 | D:2      | Slain by a gnoll

Illustrated notes

Levels and vault maps discovered:
D:1:      dpeg_arrival_ratfight, layout_loops_ring,
          amcnicky_mini_rare_corridor_liquid
D:2:      layout_basic, uniq_robin

Skill      XL: |  1  2  3 |
---------------+----------+-----
Conjurations   | 1 2 |  2.2
Dodging        | 2 |  2.7
Alchemy        | 4 |  4.1
Stealth        | |  1.5
Spellcasting   | |  1.7

Action                     |  1- 3 |  4- 6 || total
---------------------------+-------+-------++-------
  Melee: Dagger            |   129 |    21 ||   150
         Unarmed           |     8 |       ||     8
   Cast: Sting             |    17 |     5 ||    22
         Mephitic Cloud    |       |     1 ||     1
    Use: Potion            |       |     1 ||     1
   Stab: Sleeping          |     1 |       ||     1
 Armour: Robe              |    38 |    15 ||    53
  Dodge: Dodged            |    56 |    11 ||    67

Table legend: (Time is in decaauts)
 A = Elapsed time spent in this place.
 B = Non-inter-level travel time spent in this place.
 C = Inter-level travel time spent in this place.
 D = Time resting spent in this place.
 E = Time spent auto-exploring this place.
 F = Levels seen in this place.
 G = Mean time per level.
                   A        B        C        D        E       F      G
               +--------+--------+--------+--------+--------+-----+--------+
         Total |   1669 |   1631 |     38 |    413 |    794 |   2 |  834.5 |
       Dungeon |   1669 |   1631 |     38 |    413 |    794 |   2 |  834.5 |
               +--------+--------+--------+--------+--------+-----+--------+

Top non-repeatable levels by time:
     D:1: 1155 daAuts
     D:2: 514 daAuts
